 Dungeon Crawl Stone Soup version 0.28-a0-1152-g9c71ebef14 (webtiles) character file.

Game seed: 3942226559922470027

1180 spaghetti the Fighter (level 8, -1/57 HPs)
             Began as an Octopode Delver on Dec 14, 2021.
             Was an Initiate of Gozag.
             Killed by divine providence
             ... invoked by an orc priest
              (13 damage)
             ... on level 4 of the Dungeon.
             The game lasted 00:05:17 (3886 turns).

spaghetti the Fighter (Octopode Delver)             Turns: 3886, Time: 00:05:18

Health: -1/57      AC:  1    Str: 11    XL:     8   Next: 42%
Magic:  8/8        EV: 14    Int: 14    God:    Gozag
Gold:   209        SH:  0    Dex: 16    Spells: 7/7 levels left

rFire   . . .      SeeInvis .   a - +0 short sword {short}
rCold   . . .      Faith    .   (no shield)
rNeg    . . .      Spirit   .   (helmet restricted)
rPois   .          Reflect  .   (no amulet)
rElec   .          Harm     .   (no ring)
rCorr   .          Rampage  .   (no ring)
Will    .....                   (no ring)
Stlth   ++++......              (no ring)
HPRegen 0.19/turn               (no ring)
MPRegen 0.11/turn               (no ring)
                                (no ring)
                                (no ring)

@: no status effects
A: almost no armour, amphibious, 8 rings, camouflage 1, gelatinous body 1,
(nimble swimmer 1), tentacles, agile 1, frail 1, noise suppression
a: Renounce Religion, Potion Petition, Call Merchant, Bribe Branch


You were on level 4 of the Dungeon.
You worshipped Gozag.
Gozag was aware of your devotion.
You visited 2 branches of the dungeon, and saw 5 of its levels.

You collected 290 gold pieces.
You paid 81 gold pieces to Gozag.


Innate Abilities, Weirdness & Mutations

You cannot wear most types of armour.
You are amphibious.
You can wear up to eight rings at the same time.
Your skin changes colour to match your surroundings (Stealth+).
Your rubbery body absorbs attacks. (AC +1, EV +1)
((You are camouflaged near water. (Stealth+)))
You have tentacles for arms and can constrict up to eight enemies at once.
You are agile. (Dex +2)
You are frail. (-10% HP)
You passively dampen the noise of your surroundings.


   Skills:
 + Level 9.9 Fighting
 - Level 2.0 Short Blades
 + Level 3.2 Dodging
 - Level 6.6 Stealth


You had 7 spell levels left.
You didn't know any spells.
Your spell library contained the following spells:

 Spells                   Type           Power      Damage    Failure   Level
 Fulminant Prism          Conj/Hex       0%         3d6       96%         4
 Iskenderun's Mystic Bla  Conj/Tloc      0%         2d3       96%         4
 Lee's Rapid Deconstruct  Erth           0%         3d5*      100%        5

Inventory:

Hand Weapons
 a - a +0 short sword (weapon) {short}
 d - a +1 short sword of flaming {short}
   (You took it off a kobold on level 7 of the Dungeon)
 p - a +1 dagger of pain {short}
   (You took it off a kobold on level 4 of the Dungeon)
Missiles
 e - 8 poisoned darts {throwing}
 g - 18 bolts
 h - 28 stones (quivered) {throwing}
 i - 23 arrows
 k - 7 boomerangs {throwing}
Wands
 f - a wand of digging (2)
 n - a wand of flame (22)
   (You took it off Sigmund on level 5 of the Dungeon)
Scrolls
 b - a scroll of fog
 c - a scroll of magic mapping {!r}
 m - a scroll of identify {@r1}
Potions
 j - a potion of haste {@q3}
 l - a potion of invisibility {unknown}
 o - a potion of flight {unknown}

Dungeon Overview and Level Annotations

Branches:
Dungeon (7/15)             Temple (1/1) D:6

Altars:
Ashenzari
Cheibriados
Dithmenos
Fedhas
Gozag
Hepliaklqana
Kikubaaqudgha
Okawaru
Qazlal
Sif Muna
Trog
Uskayaw
Vehumet
Zin
The Shining One

Shops:
D:4 *

Annotations:
D:5 3 runed translucent doors, spaghetti's ghost, amateur OpDe

#..###.### ##........##
##..........#
##............
#...........(. #
#....o$.o......#
###...$o$.=# ..#
#.......######..#.##
.........o###@...h...
..........##O.......# .
....###.$.o..#.######
..# ...
#.......#.#######..#
.......#.#...#..#......#
.....#####..##....)....#
..... #..............#
.........
##..........#...#
...(......#...........#
....


You could see an ogre, a hound (wandering) and an orc priest.


Message History

No target in view!
No target in view!
No target in view!
No target in view!
No target in view!
A kobold comes into view. It is wielding a +1 dagger of pain.
You see here 5 gold pieces.
A kobold is nearby!
You now have 198 gold pieces (gained 5).
Found an escape hatch in the floor.
A kobold comes into view. It is wielding a +0 club.
The kobold shouts!
The kobold shouts!
You hit the kobold.
You kill the kobold!
Things that are here:
4 gold pieces; a +1 dagger of pain {short} You closely miss the kobold.
Your grab misses the kobold. You squeeze the kobold.
You kill the kobold!
No target in view!
No target in view!
No target in view!
No target in view!
No target in view!
No target in view!
No target in view!
No target in view!
No target in view!
No target in view!
No target in view!
You now have 205 gold pieces (gained 7).
You see here a +0 club {mace}.
You now have 209 gold pieces (gained 4).
p - a +1 dagger of pain {short} A giant cockroach and a hobgoblin come into view.
The giant cockroach moves out of view.
You see here 14 gold pieces.
An orc priest, an orc wizard and an ogre come into view.
An orc comes into view. It is wielding a +0 flail.
An orc comes into view. It is wielding a +0 club.
The helpless hobgoblin fails to defend itself.
You impale the hobgoblin!!
You kill the hobgoblin!
The orc hits you with a +0 flail. 😕 HP[-6]
You take 6 damage, and now have 51/57 hp.
You hit the orc. You grab the orc. You constrict the orc.
The orc priest shouts!
The ogre shouts!
The orc hits you with a +0 flail.
The orc priest invokes the aid of Beogh against you.
Pain shoots through your body!
The orc wizard shouts!
The orc shouts!
You hit the orc.
You kill the orc!
You hear a shout!
An orc wizard comes into view. It is wielding a +0 dagger.
The orc wizard shouts!
You hit the giant cockroach but do no damage.
You grab the giant cockroach. You constrict the giant cockroach.
The giant cockroach misses you.
The orc wizard is distracted by your dazzling golden aura.
The orc wizard shouts!
You hit the giant cockroach.
You kill the giant cockroach!
The orc is distracted by your dazzling golden aura. 😕 HP[-5]
You take 5 damage, and now have 46/57 hp.
You hit the orc priest but do no damage.
You grab the orc priest. You constrict the orc priest.
The ogre closely misses you. The orc priest completely misses you.
You hit the orc priest. You constrict the orc priest.
The ogre hits you with a +0 giant club!!
* * * LOW HITPOINT WARNING * * *
The orc priest hits you with a +0 flail.
* * * LOW HITPOINT WARNING * * *
You are too injured to fight recklessly!
You are too injured to fight recklessly!
You are too injured to fight recklessly!
You are too injured to fight recklessly! 😨 HP[-24]
You take 24 damage, and now have 22/57 hp.
MASSIVE DAMAGE!! (PAUSE)
Okay, then.
You release your grip on the orc priest.
The orc priest mumbles some strange prayers to Beogh against you.
Beogh smites you!
* * * LOW HITPOINT WARNING * * *
😱 HP[-11]
You take 11 damage, and now have 11/57 hp.
The orc wizard is no longer distracted by gold. 😱 HP[+1]
Okay, then.
A hound comes into view.
Okay, then.
The orc priest invokes the aid of Beogh against you.
Beogh smites you!
You die...
Your body crumbles into a pile of gold.

Skill      XL: |  1  2  3  4  5  6  7  8 |
---------------+-------------------------+-----
Fighting       | 5 6 8 9 |  9.9
Dodging        | 3 |  3.2
Short Blades   | |  2.0
Stealth        | |  6.6

Action                   |  1- 3 |  4- 6 |  7- 9 || total
-------------------------+-------+-------+-------++-------
Melee: Short sword       |    11 |    57 |    65 ||   133
       Tentacles         |     3 |    13 |    16 ||    32
       Constrict         |     1 |    12 |     9 ||    22
Throw: Stone             |       |     3 |     4 ||     7
Evoke: Wand              |     1 |     3 |     4 ||     8
  Use: Scroll            |     5 |     4 |     1 ||    10
       Potion            |     1 |     1 |     1 ||     3
 Stab: Sleeping          |     1 |     1 |     7 ||     9
       Paralysed         |       |     2 |     3 ||     5
Armor: Skin              |     1 |     2 |     5 ||     8
Dodge: Dodged            |     5 |    29 |    37 ||    71

Levels and vault maps discovered:
D:4:      layout_cave_pools, serial_shops, nicolae_shop_waterfront,
          nicolae_ossuary_entry_ruins
D:5:      layout_rooms, gammafunk_ghost_necromancy, uniq_sigmund
D:6:      layout_basic, minmay_temple_entry_statues_fountains,
          serial_park_tiny_pond
D:7:      layout_basic, gammafunk_temple_overflow_elements
Temple:   mainiacjoe_temple_bowtie_tessellation

Notes
Turn   | Place    | Note
-------+----------+-------------------------------------------
     0 | D:5      | spaghetti the Octopode Delver began the quest for the Orb.
     0 | D:5      | Reached XP level 1. HP: 16/16 MP: 1/1
     0 | D:5      | magus.rc [v1.9.6]
    10 | D:5      | Noticed a jelly
    16 | D:5      | HP: 2/16 [acid (9)]
    25 | D:6      | Noticed a scorpion
    25 | D:6      | Noticed a scorpion
    25 | D:6      | Noticed a hound
    27 | D:6      | Noticed an iguana
    28 | D:6      | Noticed an iguana
   324 | D:6      | Reached XP level 2. HP: 21/21 MP: 2/2
   334 | D:6      | Noticed a sky beast
   353 | D:7      | Noticed a necrophage
   383 | D:7      | Killed a necrophage
   384 | D:7      | Reached skill level 5 in Fighting
   384 | D:7      | Reached XP level 3. HP: 9/29 MP: 3/3
   384 | D:7      | Reached XP level 4. HP: 11/35 MP: 4/4
   673 | D:7      | Noticed a kobold brigand
   698 | D:6      | HP: 8/35 [kobold brigand (9)]
   700 | D:6      | Killed a kobold brigand
   701 | D:6      | Reached skill level 6 in Fighting
   701 | D:6      | Reached XP level 5. HP: 8/41 MP: 5/5
   973 | D:5      | Reached XP level 6. HP: 26/47 MP: 6/6
  1303 | D:6      | Killed a sky beast
  1304 | D:6      | Reached skill level 7 in Fighting
  1586 | D:6      | Gained mutation: You are frail. (-10% HP) [potion of
                  | mutation]
  1586 | D:6      | Gained mutation: You are agile. (Dex +2) [potion of
                  | mutation]
  1586 | D:6      | Gained mutation: You passively dampen the noise of your
                  | surroundings. [potion of mutation]
  2019 | D:6      | Noticed an ice beast
  2030 | D:6      | Killed an ice beast
  2031 | D:6      | Reached skill level 8 in Fighting
  2031 | D:6      | Reached XP level 7. HP: 49/49 MP: 7/7
  2340 | D:6      | HP: 11/50 [scorpion (10)]
  2751 | D:6      | Reached skill level 9 in Fighting
  2814 | D:6      | Found a staircase to the Ecumenical Temple.
  2903 | Temple   | Entered the Ecumenical Temple
  3017 | Temple   | Became a worshipper of Gozag Ym Sagoz the Greedy
  3294 | D:5      | Found a runed translucent gate.
  3296 | D:5      | Found a runed translucent gate.
  3341 | D:5      | You pick up a book of Blasting and begin reading...
  3341 | D:5      | You add the spells Fulminant Prism, Iskenderun's Mystic
                  | Blast and Lee's Rapid Deconstruction to your library.
  3359 | D:5      | Reached XP level 8. HP: 51/56 MP: 8/8
  3411 | D:5      | Found a runed translucent gate.
  3413 | D:5      | Noticed spaghetti's ghost (amateur OpDe)
  3554 | D:5      | Noticed Sigmund
  3561 | D:5      | Killed Sigmund
  3575 | D:5      | Reached skill level 3 in Dodging
  3824 | D:4      | Found Toudwitt's Assorted Antiques.
  3880 | D:4      | HP: 11/57 [orc priest/divine providence (11)]
  3886 | D:4      | Killed from afar by an orc priest

Vanquished Creatures
  Sigmund (D:5)
  An ice beast (D:6)
  A necrophage (D:7)
  A centaur (D:5)
  An ogre (D:5)
  A kobold brigand (D:6)
  2 scorpions (D:6)
  A wyvern skeleton (D:7)
  A bullfrog zombie (D:5)
  A centaur zombie (D:5)
  A bullfrog skeleton (D:5)
  2 jellies (D:6)
  A hound (D:6)
  An orc priest (D:6)
  2 iguanas (D:6)
  2 adders (D:6)
  A white imp (D:5)
  A worm (D:5)
  5 orcs
  An endoplasm (D:4)
  A giant cockroach (D:4)
  A goblin (D:4)
  2 hobgoblins (D:4)
  8 kobolds
40 creatures vanquished.

Vanquished Creatures (collateral kills)
  A sky beast (D:6)
  3 gnolls (D:6)
4 creatures vanquished.

Grand Total: 44 creatures vanquished

Table legend:
 A = Non-vault XP
 B = Vault XP
 C = Vault XP percentage of total XP
 D = Non-vault monster count
 E = Vault monster count
 F = Vault count percentage of total count
                 A         B        C        D         E       F
            +---------+---------+-------+---------+---------+-------
      Total |    1459 |     227 |  13.5 |      43 |       1 |   2.3
            +---------+---------+-------+---------+---------+-------
        D:4 |      17 |       0 |   0.0 |       8 |       0 |   0.0
        D:5 |     393 |     227 |  36.6 |       7 |       1 |  12.5
        D:6 |     851 |       0 |   0.0 |      20 |       0 |   0.0
        D:7 |     198 |       0 |   0.0 |       8 |       0 |   0.0
            +---------+---------+-------+---------+---------+-------

Illustrated notes

Table legend:
 A = Kills in this place as a percentage of kills in entire the game.
 B = Kills by you in this place as a percentage of kills by you in the entire game.
 C = Kills by friends in this place as a percentage of kills by friends in the entire game.
 D = Other kills in this place as a percentage of other kills in the entire game.
 E = Experience gained in this place as a percentage of experience gained in the entire game.
 F = Experience gained in this place divided by the number of levels of this place that you have seen.
                   A       B       C       D       E      F
               +-------+-------+-------+-------+-------+----------------------
         Total | 100.0 | 100.0 | 100.0 |   N/A | 100.0 | 337.2
       Dungeon | 100.0 | 100.0 | 100.0 |   N/A | 100.0 | 421.5
               +-------+-------+-------+-------+-------+----------------------

Table legend: (Time is in decaauts)
 A = Elapsed time spent in this place.
 B = Non-inter-level travel time spent in this place.
 C = Inter-level travel time spent in this place.
 D = Time resting spent in this place.
 E = Time spent auto-exploring this place.
 F = Levels seen in this place.
 G = Mean time per level.
                   A        B        C        D        E       F      G
               +--------+--------+--------+--------+--------+-----+--------+
         Total |   3880 |   3778 |    102 |   1369 |   1910 |   5 |  776.0 |
       Dungeon |   3730 |   3653 |     77 |   1369 |   1799 |   4 |  932.5 |
        Temple |    149 |    124 |     25 |      0 |    111 |   1 |  149.0 |
               +--------+--------+--------+--------+--------+-----+--------+

Top non-repeatable levels by time:
     D:6: 1865 daAuts
     D:5: 1241 daAuts
     D:7: 524 daAuts
  Temple: 149 daAuts
     D:4: 99 daAuts
